 Dungeon Crawl Stone Soup version 0.21-a0-215-g0631661 (webtiles) character file.

44 Leszczynek the Ruffian (level 3, 33/33 HPs)
             Began as a Troll Skald on Aug 22, 2017.
             Was an Initiate of Wu Jian.
             Quit the game on level 4 of the Dungeon.
             The game lasted 00:05:22 (660 turns).

Leszczynek the Ruffian (Troll Skald)                 Turns: 660, Time: 00:05:23

Health: 33/33      AC:  5    Str: 19    XL:     3   Next: 39%
Magic:  3/3        EV: 10    Int: 11    God:    Wu Jian [......]
Gold:   73         SH:  0    Dex: 10    Spells: 1/4 levels left

rFire    . . .     SeeInvis .     - Unarmed
rCold    . . .     Gourm    +   (no shield)
rNeg     . . .     Faith    .   a - +0 robe
rPois    .         Spirit   .   (helmet restricted)
rElec    .         Reflect  .   (no cloak)
rCorr    .         Harm     .   (gloves unavailable)
MR       .....                  (boots unavailable)
Stlth    +.........             (no amulet)
HPRegen  0.51/turn              h - +2 ring of intelligence
MPRegen  0.08/turn              (no ring)

@: no status effects
A: unfitting armour, claws 3, fast metabolism 3, gourmand, regeneration 1,
shaggy fur 1, tough skin 2
a: Renounce Religion


You were on level 4 of the Dungeon.
You worshipped Wu Jian.
Wu Jian was noncommittal.
You were very full.

You visited 2 branches of the dungeon, and saw 5 of its levels.
You also visited: Sewer.

You collected 73 gold pieces.

Inventory:

Armour
 a - a +0 robe (worn)
Jewellery
 h - a +2 ring of intelligence (left claw)
Wands
 f - a wand of polymorph (14/24)
 j - a wand of confusion (21/48)
Scrolls
 c - a scroll of remove curse {unknown}
 i - a scroll of blinking {unknown}
 k - a scroll of recharging {unknown}
 l - a scroll of identify {unknown}
Potions
 e - 2 potions of haste {unknown}
 g - a potion of lignification {unknown}
Books
 b - a book of Battle

   Spells                             Type                      Level
   a - Infusion                       Charms                       1
   b - Shroud of Golubria             Charms/Translocation         2
   c - Song of Slaying                Charms                       2
   d - Spectral Weapon                Hexes/Charms                 3
   e - Regeneration                   Charms/Necromancy            3
Comestibles
 d - 2 bread rations


   Skills:
 - Level 1.5 Fighting
 - Level 1.9 Dodging
 + Level 3.8 Unarmed Combat
 - Level 1.2 Spellcasting
 - Level 2.0 Charms


You had one spell level left.
You knew the following spells:

 Your Spells              Type           Power        Failure   Level  Hunger
a - Infusion              Chrm           #...         14%         1    ##.....
b - Shroud of Golubria    Chrm/Tloc      #.........   32%         2    ###....


Dungeon Overview and Level Annotations

Branches:
Dungeon (4/15)             Temple (1/1) D:4

Altars:
Ashenzari
Hepliaklqana
Makhleb
Qazlal
Trog
Uskayaw
Vehumet
Wu Jian
Xom
Zin
The Shining One


Innate Abilities, Weirdness & Mutations

You are too large for most types of armour.
You have claws for hands.
Your metabolism is lightning-fast.
You like to eat raw meat.
Your natural rate of healing is unusually fast.
You are covered in fur. (AC +1)
You have very tough skin. (AC +2)


Message History

Enter note: meh
There is a hazy altar of Hepliaklqana here.
There is a glowing silver altar of Zin here.
There is an ornate altar of the Wu Jian Council here.
You kneel at the altar of Wu Jian.
The Council welcomes you!
There is a staircase back to the Dungeon here.
You climb upwards.
Welcome back to the Dungeon!
There is a staircase to the Ecumenical Temple here.
Unknown command.
Found 20 gold pieces.
You now have 73 gold pieces (gained 20).
You open the door.
Found 18 gold pieces.
Found a burning altar of Makhleb.
Found a royal jelly.
Found a glowing golden altar of the Shining One.
There is an open door here.
Enter note: ok
Enter note: fuck you too Are you sure you want to abandon this character and quit the game? (Confirm with "yes".)

.#####......# ####...#
#......######....#.#
####................#
##..##..#######...#..#
#..%.#..# #####..#
#_.⌠.##.# #.#
#.....#.# ## #....#.#
#8...@.# #....###
#.$... #_.⌠.# #....
##..# ###


There were no monsters in sight!

Vanquished Creatures
  An adder (D:1)
  A river rat (D:3)
  2 worms
  2 leopard geckos (D:3)
  A giant cockroach (D:3)
  2 goblins
  A hobgoblin (D:3)
  3 jackals (D:3)
  A kobold (D:1)
  A ball python (D:2)
  4 frilled lizards
  A rat (D:3)
20 creatures vanquished.

Vanquished Creatures (others)
  An orc (D:4)
  A quokka (D:4)
2 creatures vanquished.

Grand Total: 22 creatures vanquished

Notes
Turn   | Place    | Note
-------+----------+-------------------------------------------
     0 | D:1      | Leszczynek the Troll Skald began the quest for the Orb.
     0 | D:1      | Reached XP level 1. HP: 19/19 MP: 1/1
   121 | D:1      | HP: 3/19 [adder (2)]
   122 | D:1      | Reached skill level 3 in Unarmed Combat
   122 | D:1      | Reached XP level 2. HP: 4/27 MP: 2/2
   126 | D:1      | HP: 4/27 [poisoned by an adder]
   162 | D:2      | Learned a level 2 spell: Shroud of Golubria
   386 | D:3      | Reached XP level 3. HP: 29/33 MP: 3/3
   421 | D:3      | Found a glowing drain.
   425 | Sewer    | Entered a sewer
   427 | Sewer    | no
   427 | Sewer    | fuck this
   427 | Sewer    | i'm not doing this shit
   431 | D:3      | i hate this layout
   557 | D:4      | Found a staircase to the Ecumenical Temple.
   565 | Temple   | Entered the Ecumenical Temple
   598 | Temple   | all bad
   598 | Temple   | not really but
   598 | Temple   | meh
   604 | Temple   | Became a worshipper of the Wu Jian Council
   658 | D:4      | Found a burning altar of Makhleb.
   659 | D:4      | Found a glowing golden altar of the Shining One.
   660 | D:4      | ok
   660 | D:4      | fuck you too
   660 | D:4      | Quit the game

Vault maps used:
D:1:      scummos_arrival_forest
D:2:      chequers_ecumenical_altar_simple_redux
D:3:      nicolae_ru_the_path_less_chosen, first_bread, gup_sewer_entry_spiral,
          kennysheep_jessica_study
D:4:      elyvilon_altar_4, gammafunk_temple_overflow_pools,
          minmay_temple_entry_junction, kennysheep_windowed_goal
Temple:   kb_temple_of_zot
Sewer:    sewer_co_tree

Skill      XL: |  1 |
---------------+----+-----
Unarmed Combat | 3 |  3.8
Fighting       | |  1.5
Dodging        | |  1.9
Spellcasting   | |  1.2
Charms         | |  2.0

Action                   || total
-------------------------++-------
Melee: Unarmed           ||    71
 Cast: Shroud of Golubri ||     1
  Eat: Chunk             ||    11
Armor: Robe              ||    19
Dodge: Dodged            ||    32

Table legend:
 A = Spawn XP
 B = Non-spawn XP
 C = Spawn XP percentage of total XP
 D = Spawn monster count
 E = Non-spawn monster count
 F = Spawn count percentage of total count
 G = Total turns spent on level
                    A         B        C        D         E        F      G
               +---------+---------+-------+---------+---------+-------+---------
         Total |       0 |      63 |   0.0 |       0 |      20 |   0.0 |   660
               +---------+---------+-------+---------+---------+-------+---------
           D:1 |       0 |      23 |   0.0 |       0 |       5 |   0.0 |   151
           D:2 |       0 |       2 |   0.0 |       0 |       2 |   0.0 |    32
           D:3 |       0 |      36 |   0.0 |       0 |      11 |   0.0 |   304
           D:4 |       0 |       2 |   0.0 |       0 |       2 |   0.0 |    97
               +---------+---------+-------+---------+---------+-------+---------
